 Dungeon Crawl Stone Soup version 0.26.1-11-gd32895ea62 (webtiles) character file.

Game seed: 10369110019329160623

7436 vvl the Spear-Bearer (level 11, -7/80 HPs)
             Began as a Merfolk Summoner on July 16, 2021.
             Was a Believer of Yredelemnul.
             Killed from afar by Maurice (15 damage)
             ... with a bolt of acid
             ... on level 9 of the Dungeon.
             The game lasted 00:31:59 (14463 turns).

vvl the Spear-Bearer (Merfolk Summoner)            Turns: 14463, Time: 00:32:00

Health: -7/80      AC: 12    Str: 11    XL:     11   Next: 15%
Magic:  18/18      EV: 15    Int: 16    God:    Yredelemnul [**....]
Gold:   568        SH:  6    Dex: 20    Spells: 19/20 levels left

rFire    . . .     SeeInvis .   M - +1 trident (protect)
rCold    . . .     Faith    .   p - +0 buckler
rNeg     . . .     Spirit   .   m - +2 ring mail {rPois}
rPois    +         Reflect  .   L - +0 helmet
rElec    .         Harm     .   t - +0 cloak
rCorr    .         Rampage  .   k - +0 pair of gloves
Will     .....                  A - +0 pair of boots
Stlth    ++........             (no amulet)
HPRegen  0.23/turn              w - +6 ring of dexterity
MPRegen  0.16/turn              G - ring of poison resistance

@: no status effects
A: change form in water, swift swim, stealthy swim
a: Renounce Religion, Animate Remains, Recall Undead Slaves, Injury Mirror


You were on level 9 of the Dungeon.
You worshipped Yredelemnul.
Yredelemnul was pleased with you.
You visited 2 branches of the dungeon, and saw 10 of its levels.

You collected 568 gold pieces.

Inventory:

Hand Weapons
 f - the +9 mace "Ycuit" {drain, Str+2}
   (You found it on level 7 of the Dungeon)

   A truly terrible weapon, it drains the life of those it strikes.
   It affects your strength (+2).
 M - a +1 trident of protection (weapon)
Armour
 k - a +0 pair of gloves (worn)
 m - a +2 ring mail of poison resistance (worn)
 p - a +0 buckler (worn)
 t - a +0 cloak (worn)
 A - a +0 pair of boots (worn)
 L - a +0 helmet (worn)
Magical Staves
 u - an uncursed staff of cold
Jewellery
 w - a +6 ring of dexterity (left hand)
 G - a ring of poison resistance (right hand)
 K - an uncursed ring of protection from cold
Wands
 y - a wand of disintegration (6)
 B - a wand of flame (53)
 D - a wand of random effects (27)
 I - a wand of polymorph (20)
Scrolls
 d - 2 scrolls of blinking {unknown}
 e - a scroll of teleportation
 g - a scroll of fear {unknown}
 i - 3 scrolls of amnesia
 j - a scroll of identify
 r - a scroll of enchant armour {unknown}
 s - 4 scrolls of remove curse
 x - 3 scrolls of enchant weapon {unknown}
 z - a scroll of magic mapping {unknown}
 F - a scroll of vulnerability {unknown}
 H - 2 scrolls of immolation {unknown}
 J - a scroll of silence {unknown}
Potions
 a - a potion of invisibility {unknown}
 c - a potion of might {unknown}
 h - a potion of haste {unknown}
 l - a potion of ambrosia {unknown}
 n - 2 potions of lignification {unknown}
 q - 2 potions of flight {unknown}
 v - a potion of magic {unknown}
 E - a potion of mutation {unknown}


   Skills:
 + Level 5.5 Fighting
 * Level 10.5 Polearms
 + Level 3.7 Armour
 + Level 7.3 Dodging
 - Level 2.1 Stealth
 - Level 4.0 Shields
 + Level 5.0 Spellcasting
 + Level 6.5 Summonings
 + Level 3.6 Translocations
 - Level 4.0 Ice Magic
 + Level 3.9 Air Magic
 + Level 3.8 Invocations


You had 19 spell levels left.
You knew the following spells:

 Your Spells              Type           Power        Failure   Level
a - Summon Small Mammal   Summ           100%         2%          1

Your spell library contained the following spells:

 Spells                   Type           Power        Failure   Level
 Call Imp                 Summ           25%          3%          2
 Call Canine Familiar     Summ           25%          7%          3
 Blink                    Tloc           N/A          12%         2
 Summon Guardian Golem    Hex/Summ       14%          26%         3
 Magic Dart               Conj           16%          34%         1
 Summon Ice Beast         Ice/Summ       20%          36%         4
 Summon Lightning Spire   Summ/Air       20%          36%         4
 Slow                     Hex            4%           45%         2
 Mephitic Cloud           Conj/Pois/Air  8%           52%         3
 Conjure Flame            Conj/Fire      4%           71%         3


Dungeon Overview and Level Annotations

Branches:
Dungeon (9/15)             Temple (1/1) D:5
   Lair: D:8-11         Orc: D:9-12

Altars:
Ashenzari
Cheibriados
Dithmenos
Elyvilon
Fedhas
Gozag
Hepliaklqana
Kikubaaqudgha
Makhleb
Nemelex Xobeh
Okawaru
Qazlal
Ru
Sif Muna
Trog
Uskayaw
Vehumet
Wu Jian
Xom
Yredelemnul
Zin
The Shining One

Annotations:
D:9 Maurice


Message History

You hit the yak.
The yak is lightly wounded.
The killer bee stings you.
* * * LOW HITPOINT WARNING * * *
The yak gores you but does no damage.
The yak bellows!
You hit the yak.
The yak is moderately wounded.
Your surroundings suddenly seem different.
Maurice shouts!
Maurice looks sneaky.
Maurice points at himself and mumbles some strange words.
Maurice flickers and vanishes!
Deactivating autopickup; reactivate with Ctrl-A.
There is an escape hatch in the ceiling here.
You hear a zap.
A bolt of acid appears from out of thin air!
The bolt of acid hits you!
You die...
Your body rises from the dead as a mindless zombie.

#..# ###'######'# ##.# #.# #...#
###### #.# #.####'### .....# #.#
#.......# .....# ######'##
#.......# .....# #.......#
#.......# .....# #.......#
#.......# .....# #.......#
#.......# .....# #....@..#
###.......# .....# #####.......#
#.'.......#
#....###...'.§.....###.#.y.....#
##...#...###.......##..#.......#
#...'.######......'..##..y(...#
#...####gh.#....{.#######Y#####
#...###.†.h.#..##### #Y.#
#######.#...##B...### ####'##
.....@..#####.......# #.....#


You could see a worker ant (wandering).

Vanquished Creatures
  Gastronok (D:9)
  Pikel (D:7)
  Grinder (D:6)
  A wraith (D:9)
  2 yaks (D:9)
  Grum (D:9)
  Eustachio (D:5)
  A water moccasin (D:7)
  An ice beast (D:8)
  A sky beast (D:8)
  4 phantoms
  6 ogres
  4 wolves
  A necrophage (D:6)
  A lemure (D:7)
  8 bullfrogs
  A wyvern zombie (D:6)
  A wyvern skeleton (D:6)
  9 killer bees
  4 scorpions
  4 wights (D:9)
  6 crimson imps (D:9)
  A centaur zombie (D:9)
  2 bullfrog skeletons
  A bullfrog zombie (D:7)
  3 orc priests (D:7)
  Crazy Yiuf (D:3)
  6 hounds
  4 iguanas
  9 orc wizards
  Natasha (thrice) (D:2)
  10 worker ants
  2 hound zombies
  A howler monkey skeleton (D:4)
  12 adders
  2 white imps
  3 ufetubi
  2 oozes
  An adder zombie (D:8)
  An adder skeleton (D:5)
  3 worms
  2 dart slugs (D:1)
  5 leopard geckos
  16 orcs
  8 giant cockroaches
  5 goblins (D:1)
  3 hobgoblins
  13 jackals
  5 quokkas
  2 ball pythons
  9 bats
  4 frilled lizards
  A giant cockroach zombie (D:6)
  A jackal skeleton (D:6)
  2 jackal zombies
  5 kobolds
  A leopard gecko skeleton (D:4)
  2 quokka skeletons (D:4)
  11 rats
222 creatures vanquished.

Vanquished Creatures (collateral kills)
  A hobgoblin (D:1)
  A kobold (D:1)
2 creatures vanquished.

Vanquished Creatures (others)
  2 crimson imps (D:9)
2 creatures vanquished.

Grand Total: 226 creatures vanquished

Notes
Turn   | Place    | Note
-------+----------+-------------------------------------------
     0 | D:1      | vvl the Merfolk Summoner began the quest for the Orb.
     0 | D:1      | Reached XP level 1. HP: 13/13 MP: 3/3
   402 | D:1      | Reached skill level 1 in Polearms
   420 | D:1      | Reached XP level 2. HP: 15/19 MP: 5/5
   690 | D:1      | Reached skill level 2 in Polearms
  1007 | D:1      | Reached XP level 3. HP: 16/25 MP: 6/6
  1496 | D:2      | Reached skill level 1 in Fighting
  1681 | D:2      | Reached XP level 4. HP: 32/32 MP: 7/7
  1689 | D:2      | Reached skill level 3 in Polearms
  1874 | D:2      | Noticed Natasha
  1886 | D:2      | Killed Natasha
  2312 | D:2      | Noticed Natasha
  2321 | D:2      | Killed Natasha
  2322 | D:2      | Reached XP level 5. HP: 21/37 MP: 8/8
  2406 | D:2      | Noticed Natasha
  2421 | D:2      | Killed Natasha
  2601 | D:2      | Reached skill level 1 in Armour
  2748 | D:2      | Reached skill level 1 in Ice Magic
  3386 | D:3      | Found a runed translucent door.
  3387 | D:3      | Noticed Crazy Yiuf
  3542 | D:3      | Reached skill level 4 in Polearms
  3741 | D:3      | Found a stormy altar of Qazlal.
  3761 | D:3      | Found a white marble altar of Elyvilon.
  3772 | D:3      | Reached XP level 6. HP: 43/44 MP: 9/9
  4199 | D:3      | Found a snail-covered altar of Cheibriados.
  4350 | D:3      | Killed Crazy Yiuf
  4351 | D:3      | Reached skill level 1 in Air Magic
  5122 | D:4      | Reached skill level 1 in Shields
  5228 | D:4      | Reached XP level 7. HP: 23/50 MP: 11/11
  5549 | D:4      | Reached skill level 5 in Polearms
  5707 | D:4      | Noticed a moth of wrath
  5710 | D:4      | Found a bloodstained altar of Trog.
  5909 | D:4      | Found a sacrificial altar of Ru.
  5911 | D:4      | Found a glowing golden altar of the Shining One.
  5924 | D:4      | Found an ornate altar of the Wu Jian Council.
  5924 | D:4      | Found a shadowy altar of Dithmenos.
  6782 | D:5      | Entered Level 5 of the Dungeon
  6909 | D:5      | Noticed Eustachio
  6921 | D:5      | Found a staircase to the Ecumenical Temple.
  6927 | D:5      | Killed Eustachio
  6968 | Temple   | Entered the Ecumenical Temple
  6973 | Temple   | Became a worshipper of Yredelemnul the Dark
  7076 | D:5      | Found an opulent altar of Gozag.
  7697 | D:4      | Reached skill level 1 in Translocations
  7697 | D:4      | Reached XP level 8. HP: 10/57 MP: 12/12
  8194 | D:5      | Found a shadowy altar of Dithmenos.
  8456 | D:6      | Reached skill level 6 in Polearms
  8456 | D:6      | Reached skill level 5 in Summonings
  8554 | D:6      | Reached skill level 5 in Dodging
  8948 | D:6      | Noticed Grinder
  8952 | D:6      | Paralysed by Grinder for 5 turns
  8958 | D:6      | Paralysed by Grinder for 5 turns
  9483 | D:6      | Reached skill level 7 in Polearms
  9504 | D:6      | Paralysed by Grinder for 5 turns
  9519 | D:6      | Killed Grinder
  9520 | D:6      | Reached XP level 9. HP: 64/64 MP: 14/14
 10041 | D:7      | Reached skill level 1 in Invocations
 10084 | D:7      | Noticed Pikel
 10130 | D:7      | Killed Pikel
 10131 | D:7      | Reached skill level 8 in Polearms
 10540 | D:7      | Reached * piety under Yredelemnul
 10872 | D:7      | Got a slimy mace
 10873 | D:7      | Identified the +9 mace "Ycuit" {drain, Str+2} (You found it
                  | on level 7 of the Dungeon)
 11011 | D:7      | Reached XP level 10. HP: 55/73 MP: 16/16
 11122 | D:7      | Got a fine scale mail
 11152 | D:7      | Identified the +3 scale mail "Pealarph" {Int+3} (You found
                  | it on level 7 of the Dungeon)
 11789 | D:8      | Reached skill level 9 in Polearms
 12221 | D:8      | Reached ** piety under Yredelemnul
 12568 | D:8      | Found a sparkling altar of Nemelex Xobeh.
 12716 | D:9      | Noticed Gastronok
 12734 | D:9      | Killed Gastronok
 12735 | D:9      | Reached skill level 5 in Fighting
 13053 | D:9      | Reached skill level 10 in Polearms
 13188 | D:9      | Found a radiant altar of Vehumet.
 13273 | D:9      | Noticed Maurice
 13309 | D:9      | Noticed Grum
 13338 | D:9      | Reached XP level 11. HP: 45/80 MP: 18/18
 13887 | D:9      | Killed Grum
 13893 | D:9      | Reached skill level 5 in Spellcasting
 14463 | D:9      | Killed from afar by Maurice

Illustrated notes

Levels and vault maps discovered:
D:1:      dpeg_arrival_subterranean_lakeside_camping, layout_basic,
          minmay_pentomino_w2
D:2:      layout_loops_cross, uniq_natasha
D:3:      layout_loops_ring, lemuel_crystal_altar, lemuel_round_altar,
          elyvilon_altar_4, uniq_crazy_yiuf_cottage
D:4:      minmay_razor_zed, layout_loops_ring, tgw_trog,
          grunt_temple_overflow_cloverleaf, grunt_decor_resistance,
          minmay_a_box_with_orc_wizards_in_it
D:5:      layout_loops_cross, nicolae_gozag_seed_capital, temple_pool_b,
          grunt_dithmenos_smoke_and_mirrors, uniq_eustachio
D:6:      layout_basic, uniq_grinder
D:7:      layout_cave_pools, uniq_pikel
D:8:      layout_cave_pools, kennysheep_mini_moat
D:9:      layout_roguey, lemuel_crystal_altar, serial_rivers,
          chequers_serial_rivers_room_b, chequers_serial_rivers_room_a,
          chequers_serial_rivers_room_b, chequers_serial_rivers_large_a,
          chequers_serial_rivers_small_a, minmay_nine_imps, uniq_maurice,
          uniq_grum, uniq_gastronok
Temple:   minmay_freezing_vapour_temple

Skill      XL: |  1  2  3  4  5  6  7  8  9 10 11 |
---------------+----------------------------------+-----
Polearms       | 1 2 3 4 5 7 8 10 | 10.5
Dodging        | 3 4 5 6 7 |  7.3
Fighting       | 1 2 3 4 5 |  5.5
Armour         | 1 2 3 |  3.7
Ice Magic      | 1 2 3 4 |  4.0
Air Magic      | 1 2 3 |  3.9
Shields        | 1 2 3 4 |  4.0
Spellcasting   | 3 4 5 |  5.0
Translocations | 1 2 3 |  3.6
Summonings     | 5 6 |  6.5
Invocations    | 2 3 |  3.8
Stealth        | |  2.1

Action                   |  1- 3 |  4- 6 |  7- 9 | 10-12 || total
-------------------------+-------+-------+-------+-------++-------
Melee: Unarmed           |    27 |       |       |       ||    27
       Dagger            |    18 |       |       |       ||    18
       Mace              |    55 |       |    17 |   239 ||   311
       Spear             |    31 |   261 |   497 |       ||   789
       Trident           |       |       |       |    54 ||    54
 Cast: Summon Small Mamm |     3 |     6 |     2 |       ||    11
Evoke: Wand              |       |       |     6 |     3 ||     9
  Use: Scroll            |       |       |     8 |     7 ||    15
       Potion            |       |       |     1 |     4 ||     5
 Stab: Sleeping          |     4 |     9 |     8 |       ||    21
       Distracted        |     1 |       |     5 |       ||     6
Armor: Robe              |    32 |    22 |    10 |       ||    64
       Leather armour    |       |       |    54 |       ||    54
       Scale mail        |       |       |       |   104 ||   104
       Ring mail         |       |       |       |    88 ||    88
Dodge: Dodged            |   112 |   142 |   217 |   354 ||   825
Block: Buckler           |       |    17 |    75 |   162 ||   254
